Map: Ultralove

Players

BigBotoBoy - Winner!

  • Race: Terran Terran
  • League: Diamond
  • Spawn Location: 7:00

LigerMaNN

  • Race: Zerg Zerg
  • League: Diamond
  • Spawn Location: 1:00

VOD

Have the link to the VOD?

Description

Time

  • Played on: June 26, 2025, 4:24 a.m.
  • Length: 5:40
Show
View Real Time Build Order
Export as new Build Order

BigBotoBoy Terran - Winner!

Build Orders:  

Get SALT Encoding   

  12  0:00  SCV  
  13  0:12  SCV  
  14  0:17  Supply Depot  
  14  0:24  SCV  
  15  0:38  SCV  
  15  0:39  Barracks  
  16  0:50  SCV  
  16  0:51  Refinery  
  17  1:02  SCV  
  18  1:15  SCV  
  19  1:26  Marine  
  19  1:27  SCV  
  21  1:34  Command Center  
  21  1:39  SCV  
  22  1:48  Supply Depot  
  22  1:52  Barracks Reactor  
  22  2:05  Barracks  
  22  2:06  SCV  
  23  2:18  SCV  
  24  2:29  Marine x2  
  26  2:33  Barracks  
  26  2:36  Orbital Command  
  26  2:46  Marine  
  26  2:47  Marine  
  28  2:52  Orbital Command  
  28  2:55  Barracks Tech Lab  
  28  3:04  Marine  
  29  3:09  Bunker, SCV  
  30  3:13  Stimpack  
  30  3:14  Marine x2  
  32  3:22  Barracks Tech Lab  
  32  3:23  Marine, SCV  
  34  3:28  SCV  
  34  3:32  Marine x2  
  37  3:41  Marine  
  37  3:42  Marine, Combat Shield  
  37  3:46  Supply Depot, SCV  
  37  3:48  SCV  
  41  3:50  Marine  
  42  3:58  SCV  
  42  4:00  Supply Depot, Marine x2, SCV  
  46  4:07  Marine  
  47  4:11  Supply Depot, SCV  
  47  4:12  Marine, SCV  
  50  4:18  Marine x2  
  52  4:25  Marine  
  52  4:28  Supply Depot, SCV  
  52  4:29  SCV  
  52  4:30  Marine  
  56  4:36  Marine x2  
  58  4:43  Marine  
  59  4:47  Marine  
  59  4:49  SCV  
  59  4:51  Refinery  
  61  4:53  SCV  
  61  4:54  Marine x2  
  61  4:55  Factory  
  61  4:57  Refinery  
  64  5:00  Supply Depot  
  64  5:01  Marine, SCV  
  64  5:05  Marine  
  67  5:11  Marine  
  67  5:12  Marine  
  69  5:18  Marine  
  70  5:24  Engineering Bay  
  70  5:25  Command Center  
Show
View Real Time Build Order
Export as new Build Order

LigerMaNN Zerg 

Build Orders: Hatch First 

Get SALT Encoding   

  12  0:01  Drone  
  13  0:13  Overlord  
  13  0:18  Drone  
  14  0:31  Drone x2  
  16  0:36  Drone  
  17  0:51  Hatchery  
  17  0:54  Drone  
  17  0:59  Drone  
  18  1:08  Extractor  
  17  1:15  Spawning Pool  
  17  1:17  Drone  
  17  1:20  Drone  
  18  1:28  Drone  
  19  1:39  Drone  
  20  1:50  Drone  
  21  2:01  Overlord  
  21  2:03  Queen x2  
  21  2:07  Zergling x2  
  26  2:11  Drone  
  26  2:14  Metabolic Boost  
  27  2:28  Hatchery  
  26  2:37  Overlord  
  26  2:39  Drone x2  
  28  2:47  Overlord  
  28  3:10  Drone x2  
  28  3:11  Drone x4  
  34  3:19  Drone x3  
  37  3:22  Drone  
  37  3:26  Extractor  
  37  3:28  Roach Warren  
  37  3:29  Drone  
  37  3:37  Drone  
  37  3:39  Drone  
  39  3:42  Queen  
  41  3:54  Zergling x14  
  47  4:13  Lair  
  47  4:15  Drone  
  47  4:16  Drone  
  49  4:17  Overlord x4  
  49  4:23  Evolution Chamber x2  
  47  4:25  Drone x2  
  47  4:27  Overlord x2  
  44  4:46  Zergling x14  
  50  4:54  Zergling x6  
  50  4:59  Roach x3  
  58  5:01  Roach  
  59  5:10  Roach  
  59  5:11  Roach  
  60  5:17  Overlord x3  
  60  5:18  Hatchery  
  60  5:20  Roach  
Tags
 
Matchup
TvZ
Replay Pack
June 2025
Spawn Locations
Cross Positions
Add a new tag
Caveats
  • Supply blocks, unpowered buildings, or Contaminate may cause inaccurate times.
  • Supply counts are checked every 10 seconds.